 Dungeon Crawl Stone Soup version 0.25.0-46-gbd7b0854d2 (webtiles) character file.

Game seed: 1420756367961472754

75 Milting the Changer (level 4, -1/28 HPs)
             Began as an Octopode Transmuter on July 13, 2020.
             Was an Initiate of the Shining One.
             Slain by a polar bear (4 damage)
             ... created by the rage of Trog
             ... on level 2 of the Dungeon.
             The game lasted 00:05:12 (1821 turns).

Milting the Changer (Octopode Transmuter)           Turns: 1821, Time: 00:05:13

Health: -1/28      AC:  1    Str: 10    XL:     4   Next: 31%
Magic:  7/8        EV: 13    Int: 15    God:    the Shining One [......]
Gold:   55         SH:  0    Dex: 12    Spells: 8/9 levels left

rFire    . . .     SeeInvis .     - Unarmed
rCold    . . .     Gourm    .   (no shield)
rNeg     . . .     Faith    .   (helmet restricted)
rPois    .         Spirit   .   (no amulet)
rElec    .         Reflect  .   (no ring)
rCorr    .         Harm     .   (no ring)
MR       .....                  (no ring)
Stlth    +.........             (no ring)
HPRegen  0.09/turn              (no ring)
MPRegen  0.11/turn              (no ring)
                                (no ring)
                                (no ring)

@: lethally poisoned (-1 -> -5), appendage, glowing
A: almost no armour, stealthy swim, amphibious, 8 rings, constrict 8, tentacle
spike 3, camouflage 1, gelatinous body 1
a: End Transformation, Renounce Religion


You were on level 2 of the Dungeon.
You worshipped the Shining One.
The Shining One was noncommittal.
You were not hungry.
One of your tentacles had a temporary spike.
You visited 1 branch of the dungeon, and saw 2 of its levels.

You collected 55 gold pieces.

Inventory:

Missiles
 a - 12 arrows
 j - 10 stones (quivered)
 k - 10 bolts
Jewellery
 g - an uncursed ring of protection from fire {unknown}
Scrolls
 b - 2 scrolls of teleportation {unknown}
 i - 2 scrolls of identify {unknown}
 l - a scroll of remove curse {unknown}
 n - a scroll of fear {unknown}
Potions
 d - a potion of mutation {unknown}
 e - a potion of haste {unknown}
 h - 2 potions of heal wounds {unknown}
 m - a potion of brilliance {unknown}
Comestibles
 c - 3 rations
 f - 2 chunks of flesh


   Skills:
 - Level 1.0 Fighting
 - Level 2.0 Dodging
 - Level 3.0 Unarmed Combat
 + Level 3.3 Spellcasting
 + Level 3.3 Transmutations


You had 8 spell levels left.
You knew the following spells:

 Your Spells              Type           Power        Failure   Level  Hunger
a - Beastly Appendage     Tmut           ##....       4%          1    #......

Your spell library contained the following spells:

 Spells                   Type           Power        Failure   Level  Hunger
 Sticks to Snakes         Tmut           ##......     8%          2    ##.....
 Spider Form              Tmut/Pois      #.........   30%         3    ###....
 Ice Form                 Ice/Tmut       #.......     69%         4    #####..
 Blade Hands              Tmut           ##........   80%         5    ######.


Dungeon Overview and Level Annotations

Branches:
Dungeon (2/15)

Altars:
Dithmenos
Trog
The Shining One


Innate Abilities, Weirdness & Mutations

You cannot wear most types of armour.
You are very stealthy in the water. (Stealth+)
You are amphibious.
You can wear up to eight rings at the same time.
You can use your tentacles to constrict eight enemies at once.
Your skin changes colour to match your surroundings (Stealth+).
Your rubbery body absorbs attacks. (AC +1, EV +1)
One of your tentacles bears a large vicious spike.


Message History

Trog sends monsters to punish you. 4 polar bears come into view.
You feel sick.
The polar bear moves out of view.
There are monsters nearby!
The polar bear rages.
You hear an angry growl.
The polar bear bites you!
* * * LOW HITPOINT WARNING * * *
The polar bear closely misses you. The polar bear claws you.
* * * LOW HITPOINT WARNING * * *
The polar bear barely misses you. The polar bear completely misses you.
The polar bear barely misses you. The polar bear bites you.
* * * LOW HITPOINT WARNING * * *
The polar bear claws you. The Shining One protects you from harm!
The polar bear closely misses you.
Unknown command.
The polar bear closely misses you. The polar bear claws you.
You die...

... #....##....#.#
...... #....##....#.#
...... #....#####....
...... #.....# ###..
......###+####..#
#...< ...(.....h..#..#
#.#.# ........h.#)#..#
#.#.. ####.h...#h#..#
#.### #.@h..#.#..# #.#
#........###...)# #.#
###############.####.#
#_..._##.........###
#≈#'#§#####.........
###.###[..##########
#.........#
#.......<.#
#.........#########


You could see 4 polar bears.

Vanquished Creatures
  A gnoll (D:1)
  2 adders (D:2)
  An ooze (D:2)
  A worm (D:2)
  2 leopard geckos (D:2)
  A giant cockroach (D:1)
  5 goblins (D:1)
  7 hobgoblins
  5 kobolds
  2 quokkas (D:2)
  3 bats
  4 frilled lizards
  3 rats
37 creatures vanquished.

Notes
Turn   | Place    | Note
-------+----------+-------------------------------------------
     0 | D:1      | Milting the Octopode Transmuter began the quest for the
                  | Orb.
     0 | D:1      | Reached XP level 1. HP: 13/13 MP: 3/3
    70 | D:1      | Reached XP level 2. HP: 14/18 MP: 3/5
   753 | D:1      | Reached XP level 3. HP: 20/23 MP: 5/7
   954 | D:2      | Found a bloodstained altar of Trog.
   954 | D:2      | Found a shadowy altar of Dithmenos.
   958 | D:2      | Became a worshipper of Trog the Wrathful
  1251 | D:2      | Found a glowing golden altar of the Shining One.
  1256 | D:2      | Fell from the grace of Trog
  1256 | D:2      | Became a worshipper of the Shining One
  1320 | D:2      | Reached XP level 4. HP: 28/28 MP: 6/8
  1818 | D:2      | Noticed a polar bear
  1818 | D:2      | Noticed a polar bear
  1818 | D:2      | Noticed a polar bear
  1818 | D:2      | Noticed a polar bear
  1820 | D:2      | The Shining One protects you from harm!
  1821 | D:2      | Slain by a polar bear

Illustrated notes

Levels and vault maps discovered:
D:1:      roderic_crossed_star, layout_basic, minmay_pentomino_o2
D:2:      layout_basic, lemuel_doored_altar, gammafunk_temple_overflow_elements

Skill      XL: |  1  2  3 |
---------------+----------+-----
Spellcasting   | 3 |  3.3
Transmutations | 3 |  3.3
Fighting       | |  1.0
Dodging        | |  2.0
Unarmed Combat | |  3.0

Action                   |  1- 3 |  4- 6 || total
-------------------------+-------+-------++-------
Melee: Unarmed           |    63 |    23 ||    86
       Constrict         |    20 |     7 ||    27
       Kick              |     5 |     3 ||     8
       Tentacles         |    10 |     6 ||    16
       Punch             |     1 |     1 ||     2
Throw: Stone             |     1 |     3 ||     4
 Cast: Beastly Appendage |     3 |     2 ||     5
 Stab: Sleeping          |     2 |       ||     2
  Eat: Chunk             |     1 |     2 ||     3
Armor: Skin              |     6 |     1 ||     7
Dodge: Dodged            |    32 |    21 ||    53
